 Dungeon Crawl Stone Soup version 0.28-a0-503-g83f2989fac (webtiles) character file.

Game seed: 5127727102493943406

35 lunkers the Skirmisher (level 3, -1/30 HPs)
             Began as a Djinni Cinder Acolyte on Sept 20, 2021.
             Was a High Priest of Ignis.
             Slain by Sigmund (9 damage)
             ... on level 2 of the Dungeon.
             The game lasted 00:02:53 (1333 turns).

lunkers the Skirmisher (Djinni Cinder Acolyte)      Turns: 1333, Time: 00:02:54

Health: -1/30      AC:  2    Str: 13    XL:     3   Next: 52%
Gold:   49         EV: 11    Int: 16    God:    Ignis [*****.] SH:  0 Dex:  8

rFire   + + +      SeeInvis .   c - +2 dagger (venom)
rCold   x . .      Faith    .   (no shield)
rNeg    . . .      Spirit   .   b - +0 robe
rPois   ∞          Reflect  .   (no helmet)
rElec   .          Harm     .   (no cloak)
rCorr   .          Rampage  .   (no gloves)
Will    .....                   (boots unavailable)
Stlth   +.........              (no amulet)
HPRegen 0.10/turn               (no ring)
MPRegen 0.00/turn               (no ring)

@: confused, flying, hasted, very quick
A: sickness immunity, fire resistance 2, cold vulnerability 1, float, innate
caster, hp casting, extra vitality 1
a: Renounce Religion, Sea of Fire, Foxfire Swarm, Rising Flame


You were on level 2 of the Dungeon.
You worshipped Ignis.
Ignis was extremely pleased with you.
You visited 1 branch of the dungeon, and saw 2 of its levels.

You collected 49 gold pieces.

Inventory:

Hand Weapons
 a - a -1 short sword of flaming
 c - a +2 dagger of venom (weapon)
Missiles
 f - a throwing net
Armour
 b - a +0 robe (worn)
Scrolls
 d - 2 scrolls of teleportation {unknown}
 e - 3 scrolls of torment {unknown}


   Skills:
 + Level 3.4 Fighting
 - Level 2.6 Short Blades
 * Level 3.1 Spellcasting


You had 5 spell levels left.
You knew the following spells:

 Your Spells              Type           Power      Damage    Failure   Level
a - Magic Dart            Conj           48%        1d5       4%          1
b - Scorch                Fire           24%        2d6       8%          2
Your spell library was empty.

Dungeon Overview and Level Annotations

Branches:
Dungeon (2/15)

Altars:

Annotations:
D:2 Sigmund


Innate Abilities, Weirdness & Mutations

You are immune to sickness and miasma.
You are immune to poison.
Your flesh is very heat resistant. (rF++)
You are vulnerable to cold. (rC-)
You float through the air rather than walking.
You learn spells naturally, not from books.
Your magical power is your life essence.
You have superior vitality. (+4 HP)


Message History

Press: ? - help, Q - select action, (/) - cycle Dir - look around, f - activate Nothing appears to happen.
Casting: Scorch (safe; 8% risk of failure)
Press: ? - help, Q - select action, (/) - cycle Dir - look around, f - activate Flames lash something.
Casting: Scorch (safe; 8% risk of failure)
Press: ? - help, Q - select action, (/) - cycle Dir - look around, f - activate Flames lash something.
You hear some strange, mumbled words.
You are confused.
You're too confused to cast spells.
You're too confused to cast spells.
You're too confused to cast spells.
You're too confused to cast spells.
You're too confused to cast spells.
Unknown command.
You bump into the rock wall.
You hear some strange, mumbled words.
You are more confused.
You're too confused to move!
You bump into the rock wall.
A puff of flame appears from out of thin air!
The puff of flame hits you. You resist.
Something tries to affect you, but you resist.
A magic dart appears from out of thin air!
The magic dart hits you!
* * * LOW HITPOINT WARNING * * *
You bump into the rock wall.
You are too confused!
Unknown command.
It was a potion of haste.
You feel yourself speed up.
You hear some strange, mumbled words.
A puff of flame appears from out of thin air!
The puff of flame misses you.
You bump into the rock wall.
Something hits you.
* * * LOW HITPOINT WARNING * * *
You bump into the rock wall.
Unknown command.
You bump into the rock wall.
Something hits you!
You die...

. .. .g{ ##### .... #...#
.....#####################...###
.>..........g{.@................
#####.#.#################)####..
# #.# #...# ##. #.# #.### #. #)#
#.# ## #.# #.# # #.# #.########
... #......... ... ##########


You could see a goblin.

Vanquished Creatures
  A dart slug (D:1)
  3 orcs (D:2)
  3 endoplasms
  2 goblins (D:1)
  3 hobgoblins
  3 jackals (D:2)
  2 quokkas (D:2)
  3 ball pythons
  2 bats
  A kobold (D:2)
  5 rats
28 creatures vanquished.

Notes
Turn   | Place    | Note
-------+----------+-------------------------------------------
     0 | D:1      | lunkers the Djinni Cinder Acolyte began the quest for the
                  | Orb.
     0 | D:1      | Reached XP level 1. HP: 20/20 MP: 0/0
   104 | D:1      | Reached XP level 2. HP: 21/25 MP: 0/0
   182 | D:1      | Found a faded altar of an unknown god.
   823 | D:2      | Reached XP level 3. HP: 30/30 MP: 0/0
   823 | D:2      | Learned a level 1 spell: Magic Dart
  1308 | D:2      | Noticed Sigmund
  1333 | D:2      | Slain by Sigmund

Illustrated notes

Levels and vault maps discovered:
D:1:      dpeg_arrival_orchard, layout_basic, shapermc_ecumenical_altar_gd,
          minmay_strange_pillars
D:2:      layout_basic, basic_altar, kennysheep_generic_room_9, uniq_sigmund

Skill      XL: |  1  2  3 |
---------------+----------+-----
Spellcasting   | 3 |  3.1
Fighting       | |  3.4
Short Blades   | |  2.6

Action                   || total
-------------------------++-------
Melee: Dagger            ||    41
       Short sword       ||     3
 Cast: Magic Dart        ||    20
       Scorch            ||     4
  Use: Potion            ||     1
Armor: Robe              ||     6
Dodge: Dodged            ||    31

Table legend: (Time is in decaauts)
 A = Elapsed time spent in this place.
 B = Non-inter-level travel time spent in this place.
 C = Inter-level travel time spent in this place.
 D = Time resting spent in this place.
 E = Time spent auto-exploring this place.
 F = Levels seen in this place.
 G = Mean time per level.
                   A        B        C        D        E       F      G
               +--------+--------+--------+--------+--------+-----+--------+
         Total |   1326 |   1292 |     34 |    170 |    870 |   2 |  663.0 |
       Dungeon |   1326 |   1292 |     34 |    170 |    870 |   2 |  663.0 |
               +--------+--------+--------+--------+--------+-----+--------+

Top non-repeatable levels by time:
     D:2: 668 daAuts
     D:1: 658 daAuts
